 Dungeon Crawl Stone Soup version 0.29-a0-359-g541a27f54d (webtiles) character file.

Game seed: 16826283859234938461

65 Zeldest the Cudgeller (level 3, -1/36 HPs)
             Began as a Troll Fighter on Apr 28, 2022.
             Slain by an iguana (8 damage)
             ... on level 3 of the Dungeon.
             The game lasted 00:00:51 (1321 turns).

Zeldest the Cudgeller (Troll Fighter)               Turns: 1321, Time: 00:00:51

Health: -1/36      AC:  4    Str: 26    XL:     3   Next: 94%
Magic:  2/2        EV:  8    Int:  4    God:
Gold:   103        SH:  7    Dex:  9    Spells: 2/2 levels left

rFire   . . .      SeeInvis .   a - +0 flail
rCold   . . .      Faith    .   c - +0 kite shield
rNeg    . . .      Spirit   .   b - +0 robe
rPois   .          Reflect  .   (helmet restricted)
rElec   .          Harm     .   (no cloak)
rCorr   .          Rampage  .   (gloves unavailable)
Will    .....                   (boots unavailable)
Stlth   +.........              (no amulet)
HPRegen 0.92/turn               (no ring)
MPRegen 0.08/turn               (no ring)

@: no status effects
A: large, unfitting armour, claws 3, regeneration 1, shaggy fur 1, tough skin 1
a: no special abilities


You were on level 3 of the Dungeon.
You visited 1 branch of the dungeon, and saw 3 of its levels.

You collected 103 gold pieces.

Inventory:

Hand Weapons
 a - a +0 flail (weapon)
Armour
 b - a +0 robe (worn)
 c - a +0 kite shield (worn)
Jewellery
 o - a ring of poison resistance
Scrolls
 e - 2 scrolls of identify {unknown}
 g - 2 scrolls of teleportation {unknown}
 j - a scroll of holy word {unknown}
 l - a scroll of vulnerability {unknown}
 m - 2 scrolls of enchant armour {unknown}
 n - 2 scrolls of silence {unknown}
 p - a scroll of immolation {unknown}
Potions
 d - a potion of might
 f - 2 potions of mutation {unknown}
 h - a potion of heal wounds {unknown}
 i - a potion of invisibility {unknown}
 k - a potion of curing {unknown}
 q - 2 potions of haste {unknown}
 r - a potion of degeneration {unknown}


   Skills:
 + Level 2.9 Fighting
 * Level 3.0 Maces & Flails
 + Level 1.2 Armour
 - Level 2.4 Dodging
 - Level 2.4 Shields


You had 2 spell levels left.
You didn't know any spells.
Your spell library contained the following spells:

 Spells                   Type           Power      Damage    Failure   Level
 Magic Dart               Conj           0%         1d3       80%         1
 Call Imp                 Summ           0%         N/A       91%         2
 Mephitic Cloud           Conj/Pois/Air  0%         N/A       99%         3


Dungeon Overview and Level Annotations

Branches:
Dungeon (3/15)

Altars:
Wu Jian


Innate Abilities, Weirdness & Mutations

You are too large for most types of armour.
You have claws for hands.
Your natural rate of healing is unusually fast.
You are covered in fur. (AC +1)
You have tough skin. (AC +1)


Message History

The adder barely misses you. You block the jackal's attack.
You block the adder's attack.
The jackal bites you but does no damage.
The jackal attacks as you move away!
The jackal bites you but does no damage.
You hit the jackal.
You kill the jackal!
You barely miss the adder.
The adder is heavily wounded.
The adder completely misses you. The adder barely misses you.
You barely miss the adder.
The adder is heavily wounded.
The adder barely misses you. The adder bites you but does no damage.
You hit the adder.
The adder is almost dead.
The adder bites you but does no damage. The adder barely misses you.
You hit the adder.
You kill the adder!
Your Maces & Flails skill increases to level 3!
You hit the iguana but do no damage. The iguana barely misses you.
You barely miss the iguana. You block the iguana's attack.
The iguana bites you!
You sock the iguana!
The iguana is heavily wounded.
You block the iguana's attack.
You barely miss the iguana.
The iguana is heavily wounded.
The iguana bites you! The iguana bites you.
You hit the iguana.
The iguana is severely wounded.
The iguana closely misses you.
You completely miss the iguana.
The iguana is severely wounded.
The iguana completely misses you.
You barely miss the iguana.
The iguana is severely wounded.
The iguana bites you!
* * * LOW HITPOINT WARNING * * *
The iguana bites you!
You die...

#... .... .
...# .. #..#
.. #.
#####..##.# #.
#.. ....h #.
#.# #..# ##
#.####.###..#
..#..
#.#....@llK$#
#.#.#
#.#.#####h..#
#.#.# #.#.#
#.......
##.#.#####...#
#...####
#.......####.#
#.###
#........#
#.#####.#
#........#
#.......#
.........#
##..##.##
#........#
#..#


You could see an iguana, a jackal, a kobold and a frilled lizard.

Vanquished Creatures
  4 adders
  A dart slug (D:1)
  An orc (D:3)
  2 bats (D:2)
  8 endoplasms
  A giant cockroach (D:3)
  A hobgoblin (D:2)
  A jackal (D:3)
  2 ball pythons (D:2)
  2 goblins
  3 rats
26 creatures vanquished.

Vanquished Creatures (others)
  4 toadstools (D:1)
4 creatures vanquished.

Grand Total: 30 creatures vanquished

Notes
Turn   | Place    | Note
-------+----------+-------------------------------------------
     0 | D:1      | Zeldest the Troll Fighter began the quest for the Orb.
     0 | D:1      | Reached XP level 1. HP: 22/22 MP: 0/0
   339 | D:1      | Reached skill level 2 in Maces & Flails
   474 | D:2      | Reached XP level 2. HP: 29/29 MP: 1/1
   678 | D:2      | Found an ornate altar of the Wu Jian Council.
   928 | D:2      | Reached XP level 3. HP: 25/36 MP: 2/2
   945 | D:2      | Reached skill level 1 in Armour
  1315 | D:3      | Reached skill level 3 in Maces & Flails
  1321 | D:3      | Slain by an iguana

Illustrated notes

Levels and vault maps discovered:
D:1:      ldierk_walled_garden_2, layout_basic
D:2:      layout_basic, basic_altar
D:3:      layout_loops_ring, led_xom_imps

Skill      XL: |  1  2  3 |
---------------+----------+-----
Maces & Flails | 2 3 |  3.0
Armour         | 1 |  1.2
Fighting       | |  2.9
Dodging        | |  2.4
Shields        | |  2.4

Action                   || total
-------------------------++-------
Melee: Flail             ||   103
Armor: Robe              ||    34
Dodge: Dodged            ||    59
Block: Kite shield       ||    41

Table legend: (Time is in decaauts)
 A = Elapsed time spent in this place.
 B = Non-inter-level travel time spent in this place.
 C = Inter-level travel time spent in this place.
 D = Time resting spent in this place.
 E = Time spent auto-exploring this place.
 F = Levels seen in this place.
 G = Mean time per level.
                   A        B        C        D        E       F      G
               +--------+--------+--------+--------+--------+-----+--------+
         Total |   1366 |   1334 |     32 |      8 |   1071 |   3 |  455.3 |
       Dungeon |   1366 |   1334 |     32 |      8 |   1071 |   3 |  455.3 |
               +--------+--------+--------+--------+--------+-----+--------+

Top non-repeatable levels by time:
     D:2: 787 daAuts
     D:1: 447 daAuts
     D:3: 130 daAuts
